 Dungeon Crawl Stone Soup version 0.31-a0-609-g7bf6ffcfed (webtiles) character file.

Game seed: 4153058248537531305

1148 cforsyth the Charlatan (level 8, 0/60 HPs)
             Began as a Gnoll Artificer on Aug 21, 2023.
             Slain by a white imp (3 damage)
             ... on level 5 of the Dungeon.
             The game lasted 00:10:33 (7039 turns).

cforsyth the Charlatan (Gnoll Artificer)            Turns: 7039, Time: 00:10:33

Health: 0/60       AC: 12    Str: 12    XL:     8   Next: 38%
Magic:  12/12      EV:  4    Int: 12    God:
Gold:   229        SH:  0    Dex: 13    Spells: 13/13 levels left

rFire   . . .        a - +1 club (freeze)
rCold   . . .        (no shield)
rNeg    . . .        r - +0 plate armour
rPois   .            (no helmet)
rElec   .            (no cloak)
rCorr   .            (no gloves)
SInv    .            (no boots)
Will    .....        (no amulet) Stlth
                     (no ring)
HPRegen 0.30/turn    (no ring)
MPRegen 0.13/turn

%: no passive effects
@: no status effects
A: fangs 1, strong nose, distributed training
a: no special abilities


You were on level 5 of the Dungeon.
You visited 1 branch of the dungeon, and saw 6 of its levels.

You collected 229 gold pieces.

Inventory:

Hand Weapons
 a - a +1 club of freezing (weapon)
 z - a +1 dagger of draining
Missiles
 e - 4 poisoned darts
Armour
 b - a +0 leather armour
 r - a +0 plate armour (worn)
Wands
 d - a wand of charming (11)
 q - a wand of digging (7)
 x - a wand of mindburst (11)
Scrolls
 c - 2 scrolls of immolation
 g - 2 scrolls of revelation
 m - a scroll of enchant armour {unknown}
 n - a scroll of noise {unknown}
 o - a scroll of fog {unknown}
 p - 2 scrolls of teleportation
 s - a scroll of fear {unknown}
 t - a scroll of poison {unknown}
 w - a scroll of brand weapon
 y - a scroll of vulnerability {unknown}
Potions
 f - 2 potions of invisibility
 h - a potion of heal wounds {unknown}
 i - a potion of might {unknown}
 j - 4 potions of curing
 k - a potion of brilliance {unknown}
 l - 2 potions of enlightenment
 u - 2 potions of haste
 v - a potion of attraction {unknown}


   Skills:
 + Level 4.2 Fighting
 + Level 3.3 Short Blades
 + Level 3.3 Long Blades
 + Level 3.3 Axes
 + Level 3.3 Maces & Flails
 + Level 3.3 Polearms
 + Level 3.3 Staves
 + Level 3.3 Ranged Weapons
 + Level 3.3 Throwing
 + Level 5.7 Armour
 + Level 4.2 Dodging
 + Level 4.1 Stealth
 + Level 3.3 Shields
 + Level 3.3 Unarmed Combat
 + Level 3.3 Spellcasting
 + Level 2.6 Conjurations
 + Level 2.6 Hexes
 + Level 2.6 Summonings
 + Level 2.6 Necromancy
 + Level 2.6 Translocations
 + Level 2.6 Transmutations
 + Level 2.6 Fire Magic
 + Level 2.6 Ice Magic
 + Level 2.6 Air Magic
 + Level 2.6 Earth Magic
 + Level 2.6 Poison Magic
 + Level 3.6 Invocations
 + Level 7.4 Evocations
 + Level 2.6 Shapeshifting


You had 13 spell levels left.
You didn't know any spells.
Your spell library contained the following spells:

 Spells                   Type           Power      Damage    Failure   Level
 Wereblood                Tmut           8%         N/A       100%        2
 Irradiate                Conj/Tmut      4%         3d13      100%        5
 Iskenderun's Battlesphe  Conj           8%         2d6       100%        5
 Leda's Unmaking          Conj/Erth      4%         9d2       100%        6
 Spellforged Servitor     Conj/Summ      4%         N/A       100%        7


Dungeon Overview and Level Annotations

Branches:
Dungeon (6/15)
 Temple: D:4-7

Altars:
Dithmenos
Makhleb
Vehumet

Shops:
D:1 (


Innate Abilities, Weirdness & Mutations

You have very sharp teeth.
Your uncanny sense of smell can sniff out nearby items.
Your experience applies equally to all skills.


Message History

You closely miss the white imp. Your bite misses the white imp.
The white imp hits you but does no damage.
You hit the white imp but do no damage. The white imp barely misses you.
You barely miss the white imp. Your bite misses the white imp.
The white imp hits you. The white imp freezes you.
You hit the white imp but do no damage.
The white imp hits you but does no damage. x2
You hit the white imp. You bite the white imp.
The white imp is moderately wounded.
The white imp gestures at you.
The puff of frost hits you but does no damage.
You hit the white imp but do no damage.
The white imp is moderately wounded.
The white imp hits you but does no damage.
You hit the white imp but do no damage.
The white imp is moderately wounded.
The white imp gestures at you. The puff of frost hits you.
* * * LOW HITPOINT WARNING * * *
You closely miss the white imp.
The white imp is moderately wounded.
The white imp hits you but does no damage.
You barely miss the white imp.
The white imp is moderately wounded.
The white imp hits you but does no damage.
You hit the white imp.
The white imp is severely wounded.
The white imp hits you but does no damage.
You closely miss the white imp.
You punch the white imp, but do no damage.
The white imp is severely wounded.
The white imp gestures at you. The puff of frost hits you!
* * * LOW HITPOINT WARNING * * *
You hit the white imp but do no damage.
The white imp is severely wounded.
The white imp hits you.
* * * LOW HITPOINT WARNING * * *
The white imp freezes you.
You die...

###.##.#..##.##
#.....# #.#.
#...#.###.##..#
###...# #.#. #####.#
##^##.# #...# #.#.
##...## #.##.# ##..#
#.## #^.#.# #^.#.#
#..# #.# ####.#
###..# ###..# #.# #
### ##.# #....# #.#
#
########.######.##.#
#.# #
#.........5@[>[....#
#.# #
#.############.#####
#†# #
#.#<##########.# #.#
# #.#.##########.#
###.# #
#.#.##########.#
#...# #
#.#.##########.#
#.### #
#.#.##########.# #.#
# #.#.##########.#
#.# #
#.#.##########†# #.#


You could see a white imp.

Vanquished Creatures
  Eustachio (D:5)
  An ogre (D:4)
  A phantom (D:5)
  A bullfrog (D:5)
  5 scorpions
  A hound (D:5)
  3 orc priests
  3 iguanas
  3 orc wizards
  6 adders
  2 ufetubi (D:5)
  2 worms
  2 dart slugs (D:1)
  16 orcs
  6 ball pythons
  17 bats
  7 endoplasms
  7 giant cockroaches
  7 goblins
  6 hobgoblins
  3 jackals (D:1)
  2 quokkas
  2 frilled lizards (D:2)
  5 kobolds
  10 rats
119 creatures vanquished.

Vanquished Creatures (collateral kills)
  An orc wizard (D:5)
  An orc (D:5)
2 creatures vanquished.

Vanquished Creatures (others)
  An iguana (D:5)
  An adder (D:5)
2 creatures vanquished.

Grand Total: 123 creatures vanquished

Notes
Turn   | Place    | Note
-------+----------+-------------------------------------------
     0 | D:1      | cforsyth the Gnoll Artificer began the quest for the Orb.
     0 | D:1      | Reached XP level 1. HP: 17/17 MP: 1/1
   145 | D:1      | Reached XP level 2. HP: 20/23 MP: 2/2
   361 | D:1      | Found Araocecs's Weapon Emporium.
   497 | D:1      | Reached XP level 3. HP: 27/28 MP: 3/3
   647 | D:1      | Reached skill level 1 in Invocations
   886 | D:2      | Reached skill level 1 in Short Blades
   886 | D:2      | Reached skill level 1 in Long Blades
   886 | D:2      | Reached skill level 1 in Axes
   886 | D:2      | Reached skill level 1 in Maces & Flails
   886 | D:2      | Reached skill level 1 in Polearms
   886 | D:2      | Reached skill level 1 in Staves
   886 | D:2      | Reached skill level 1 in Ranged Weapons
   886 | D:2      | Reached skill level 1 in Throwing
   886 | D:2      | Reached skill level 1 in Shields
   886 | D:2      | Reached skill level 1 in Unarmed Combat
   886 | D:2      | Reached skill level 1 in Spellcasting
  1012 | D:2      | Reached XP level 4. HP: 32/34 MP: 5/5
  1709 | D:2      | Reached skill level 1 in Conjurations
  1709 | D:2      | Reached skill level 1 in Hexes
  1709 | D:2      | Reached skill level 1 in Summonings
  1709 | D:2      | Reached skill level 1 in Necromancy
  1709 | D:2      | Reached skill level 1 in Translocations
  1709 | D:2      | Reached skill level 1 in Transmutations
  1709 | D:2      | Reached skill level 1 in Fire Magic
  1709 | D:2      | Reached skill level 1 in Ice Magic
  1709 | D:2      | Reached skill level 1 in Air Magic
  1709 | D:2      | Reached skill level 1 in Earth Magic
  1709 | D:2      | Reached skill level 1 in Poison Magic
  1709 | D:2      | Reached skill level 1 in Shapeshifting
  1875 | D:3      | Found a burning altar of Makhleb.
  2037 | D:3      | Reached XP level 5. HP: 4/40 MP: 5/7
  3799 | D:4      | Reached XP level 6. HP: 18/47 MP: 8/8
  4189 | D:4      | Reached skill level 5 in Armour
  4663 | D:4      | Found a shadowy altar of Dithmenos.
  4780 | D:5      | Entered Level 5 of the Dungeon
  5193 | D:5      | Noticed Eustachio
  5196 | D:5      | Killed Eustachio
  5197 | D:5      | Reached skill level 7 in Evocations
  5197 | D:5      | Reached XP level 7. HP: 52/52 MP: 10/10
  5267 | D:5      | Found a radiant altar of Vehumet.
  5801 | D:5      | Identified the +6 chain mail of the Robin {Int+3}
  6260 | D:5      | Reached XP level 8. HP: 11/60 MP: 12/12
  7039 | D:5      | HP: 3/60 [white imp (2)]
  7039 | D:5      | Slain by a white imp

Illustrated notes

Levels and vault maps discovered:
D:1:      dpeg_arrival_rhombus, layout_rooms, serial_shops, shop,
          dreamdust_mushroom_princess, st_stairs_7, minmay_distorted
D:2:      layout_loops_ring, minmay_door_square
D:3:      layout_basic, mainiacjoe_overflow_cross_hatched
D:4:      layout_basic, overflow_temple_1_default
D:5:      old_forge, layout_basic, mainiacjoe_overflow_brackets,
          item_on_display_a, uniq_eustachio
D:6:      layout_basic, serial_shops, nicolae_shop_tiny_waterfront,
          amcnicky_mini_rare_corridor_liquid, uniq_menkaure, uniq_maggie

Skill      XL: |  1  2  3  4  5  6  7  8 |
---------------+-------------------------+-----
Invocations    | 1 2 3 |  3.6
Short Blades   | 1 2 3 |  3.3
Long Blades    | 1 2 3 |  3.3
Axes           | 1 2 3 |  3.3
Maces & Flails | 1 2 3 |  3.3
Polearms       | 1 2 3 |  3.3
Staves         | 1 2 3 |  3.3
Ranged Weapons | 1 2 3 |  3.3
Throwing       | 1 2 3 |  3.3
Shields        | 1 2 3 |  3.3
Unarmed Combat | 1 2 3 |  3.3
Spellcasting   | 1 2 3 |  3.3
Conjurations   | 1 2 |  2.6
Hexes          | 1 2 |  2.6
Summonings     | 1 2 |  2.6
Necromancy     | 1 2 |  2.6
Translocations | 1 2 |  2.6
Transmutations | 1 2 |  2.6
Fire Magic     | 1 2 |  2.6
Ice Magic      | 1 2 |  2.6
Air Magic      | 1 2 |  2.6
Earth Magic    | 1 2 |  2.6
Poison Magic   | 1 2 |  2.6
Shapeshifting  | 1 2 |  2.6
Fighting       | 3 4 |  4.2
Dodging        | 3 4 |  4.2
Stealth        | 3 4 |  4.1
Armour         | 5 |  5.7
Evocations     | 7 |  7.4

Action                     |  1- 3 |  4- 6 |  7- 9 || total
---------------------------+-------+-------+-------++-------
  Melee: Club              |   163 |   332 |   174 ||   669
         Bite              |    18 |    43 |    10 ||    71
         Punch             |     1 |     7 |     1 ||     9
  Evoke: Wand              |     5 |    18 |     8 ||    31
    Use: Scroll            |       |     7 |     2 ||     9
   Stab: Sleeping          |     4 |     4 |       ||     8
 Armour: Leather armour    |    63 |    79 |       ||   142
         Plate armour      |       |    51 |   235 ||   286
  Dodge: Dodged            |   141 |   199 |    68 ||   408

Table legend: (Time is in decaauts)
 A = Elapsed time spent in this place.
 B = Non-inter-level travel time spent in this place.
 C = Inter-level travel time spent in this place.
 D = Time resting spent in this place.
 E = Time spent auto-exploring this place.
 F = Levels seen in this place.
 G = Mean time per level.
                   A        B        C        D        E       F      G
               +--------+--------+--------+--------+--------+-----+--------+
         Total |   7194 |   7048 |    146 |   1164 |   4265 |   6 | 1199.0 |
       Dungeon |   7194 |   7048 |    146 |   1164 |   4265 |   6 | 1199.0 |
               +--------+--------+--------+--------+--------+-----+--------+

Top non-repeatable levels by time:
     D:5: 2165 daAuts
     D:2: 1710 daAuts
     D:3: 1447 daAuts
     D:4: 964 daAuts
     D:1: 893 daAuts
     D:6: 13 daAuts
